Map: Dusk Towers

Players

capac - Winner!

  • Race: Terran Terran
  • League: Gold

A.I. 1 (Elite)

  • Race: Terran Terran

VOD

Have the link to the VOD?

Description

Time

  • Played on: May 9, 2016, 2:48 p.m.
  • Length: 14:27
Show
View Real Time Build Order
Export as new Build Order

capac Terran - Winner!

Build Orders: Reaper Expand 

Get SALT Encoding   

  12  0:00  SCV  
  13  0:13  SCV  
  14  0:18  Supply Depot  
  14  0:25  SCV  
  15  0:40  SCV  
  15  0:41  Barracks  
  16  0:44  Refinery  
  16  0:52  SCV  
  17  1:04  SCV  
  18  1:16  SCV  
  19  1:30  Reaper, Orbital Command  
  20  1:41  Command Center  
  20  1:50  Supply Depot  
  20  1:57  SCV  
  21  2:07  Factory  
  21  2:10  SCV  
  21  2:12  Refinery  
  21  2:14  Marine  
  23  2:22  SCV  
  24  2:34  SCV  
  25  2:39  Marine  
  26  2:52  Factory Tech Lab  
  26  2:54  Engineering Bay  
  26  2:55  Orbital Command  
  26  3:01  Barracks  
  26  3:02  Barracks Reactor  
  26  3:07  SCV  
  27  3:13  Siege Tank  
  30  3:21  SCV  
  30  3:26  Starport  
  31  3:29  SCV  
  31  3:33  Refinery, SCV  
  33  3:39  Marine x2  
  35  3:45  SCV x2  
  37  3:58  Marine x2  
  37  3:59  SCV x2  
  41  4:04  Factory Tech Lab  
  41  4:06  Medivac, Stimpack  
  43  4:11  SCV  
  43  4:12  SCV  
  43  4:14  Supply Depot  
  45  4:20  Barracks  
  45  4:26  SCV x2  
  45  4:29  Barracks  
  45  4:30  Refinery  
  47  4:33  Marine  
  47  4:34  Marine  
  47  4:35  Marine  
  50  4:39  Starport Reactor  
  50  4:40  SCV  
  50  4:41  SCV  
  52  4:46  Supply Depot  
  52  4:53  SCV x2  
  52  4:54  Marine x2  
  52  4:55  Marine  
  57  5:06  Siege Tank  
  60  5:09  Barracks Reactor  
  60  5:14  Supply Depot  
  60  5:15  SCV x2  
  60  5:18  Barracks Reactor  
  60  5:20  Medivac  
  64  5:23  Medivac  
  64  5:28  Marine x2  
  68  5:38  Supply Depot  
  68  5:45  Marine x2  
  68  5:47  SCV x2  
  72  5:50  Siege Tank  
  72  5:55  Marine x3  
  78  6:00  Marine x2, SCV x2  
  82  6:05  Supply Depot  
  82  6:08  Supply Depot  
  82  6:16  Command Center  
  82  6:20  Marine  
  82  6:21  Marine x3  
  86  6:26  Marine x3  
  86  6:27  Siege Tank  
  86  6:30  Supply Depot  
  91  6:40  Missile Turret  
  91  6:43  Missile Turret  
  91  6:44  Marine x5  
  96  6:48  Viking  
  96  6:50  Viking  
  100  7:04  Marine x4  
  103  7:08  Missile Turret  
  103  7:22  Marine x4  
  104  7:23  Marine  
  104  7:24  Marine  
  108  7:30  Viking  
  110  7:39  Supply Depot, Missile Turret  
  110  7:45  Supply Depot x2  
  110  7:59  Viking, Siege Tank  
  115  8:09  Marine x6  
  115  8:10  Marine  
  122  8:26  Marine  
  123  8:28  SCV x2  
  123  8:29  Marine x6  
  123  8:31  Missile Turret  
  131  8:34  Siege Tank  
  134  8:44  Marine  
  134  8:45  Supply Depot  
  134  8:46  Supply Depot  
  134  8:47  Marine x2  
  137  8:56  Medivac x2  
  137  8:57  SCV x2  
  137  8:58  Orbital Command  
  143  9:02  Refinery  
  143  9:08  Supply Depot  
  143  9:10  Marine x3  
  143  9:15  Missile Turret  
  146  9:18  Supply Depot  
  146  9:28  Medivac x2  
  150  9:31  Supply Depot  
  150  9:39  SCV x2  
  150  9:40  SCV  
  150  9:44  Supply Depot  
  153  9:58  Refinery  
  153  10:02  Viking x2  
  153  10:03  Marine  
  153  10:04  Marine x6  
  164  10:07  Siege Tank  
  164  10:09  Terran Infantry Weapons Level 1  
  164  10:11  Supply Depot  
  167  10:14  Engineering Bay  
  167  10:15  Armory  
  167  10:17  Supply Depot  
  167  10:21  Marine  
  167  10:22  Marine  
  169  10:29  Marine  
  169  10:30  Marine x3  
  169  10:31  Marine  
  174  10:39  Siege Tank  
  177  10:45  Factory  
  177  11:00  Viking x2  
  161  11:29  SCV x2  
  161  11:30  Terran Infantry Armor Level 1  
  161  11:31  Marine x6  
  161  11:32  Marine  
  170  11:33  Factory Tech Lab  
  170  11:36  Factory  
  170  11:37  Medivac x2  
  174  11:49  Marine x2  
  176  12:00  Marine x5  
  181  12:06  Marine  
  181  12:07  Marine, Medivac x2  
  187  12:09  Command Center  
  187  12:18  Marine x2  
  175  13:17  Marine x7  
  182  13:34  Marine  
  182  13:35  Marine x4  
Show
View Real Time Build Order
Export as new Build Order

A.I. 1 (Elite) Terran 

Build Orders: 1/1/1, MMM Bio, Banshee Rush 

Get SALT Encoding   

  12  0:00  SCV  
  13  0:13  SCV  
  14  0:19  Supply Depot  
  14  0:25  SCV  
  15  0:29  Refinery  
  15  0:41  SCV  
  16  0:47  Barracks  
  16  0:53  SCV  
  16  0:56  Refinery  
  17  1:05  SCV  
  18  1:17  SCV  
  19  1:35  Factory, Orbital Command  
  19  1:36  Marine  
  20  1:53  Marine  
  21  1:57  Supply Depot  
  21  2:00  SCV  
  22  2:22  Starport  
  22  2:24  SCV  
  22  2:25  Starport  
  23  2:36  SCV  
  24  2:39  Supply Depot  
  24  2:48  SCV  
  25  2:58  Starport Tech Lab  
  25  3:02  Starport Tech Lab  
  25  3:14  SCV  
  25  3:17  Cloaking Field, Marine  
  25  3:18  Banshee  
  30  3:20  Banshee  
  30  3:24  Supply Depot  
  30  3:26  SCV  
  34  3:34  Marine  
  34  3:38  SCV  
  36  3:50  SCV  
  36  3:52  Marine  
  38  4:01  Barracks, Factory Tech Lab, Banshee  
  41  4:03  Banshee  
  44  4:20  Siege Tank  
  47  4:29  Command Center  
  47  4:36  Supply Depot  
  47  4:52  Barracks Tech Lab  
  47  4:57  Marine  
  47  4:59  Barracks  
  48  5:04  Supply Depot  
  48  5:10  Marine  
  48  5:12  Stimpack  
  49  5:16  Barracks Tech Lab  
  49  5:20  Medivac  
  51  5:27  Marine  
  52  5:34  Marauder  
  54  5:38  Supply Depot  
  54  5:42  SCV x2  
  56  5:43  Refinery  
  56  5:45  Marine  
  56  5:46  Marauder  
  59  5:54  SCV  
  59  5:55  Marine  
  61  5:58  SCV  
  62  6:04  Barracks Reactor  
  62  6:06  SCV  
  62  6:07  Marauder  
  62  6:10  SCV  
  66  6:13  Marine  
  66  6:18  SCV  
  68  6:22  SCV  
  69  6:28  Marine  
  69  6:30  SCV  
  69  6:31  Marauder  
  73  6:34  SCV  
  73  6:38  Supply Depot  
  74  6:42  SCV  
  74  6:46  Marauder, SCV  
  78  6:47  Combat Shields  
  78  6:49  Engineering Bay  
  78  6:53  Marauder  
  80  6:54  SCV  
  81  7:05  Command Center  
  81  7:08  Marauder  
  83  7:11  SCV  
  84  7:17  Terran Infantry Weapons Level 1, Supply Depot, SCV  
  84  7:22  Marauder  
  81  7:23  SCV  
  81  7:24  Marine  
  81  7:26  Marine  
  81  7:29  Marine, SCV  
  86  7:35  SCV  
  87  7:41  SCV  
  87  7:42  Marine x2  
  90  7:44  Marine  
  90  7:46  Marine  
  90  7:49  Supply Depot  
  90  7:51  Siege Tank  
  95  8:00  Marine  
  96  8:08  Concussive Shells  
  96  8:16  Supply Depot  
  96  8:18  SCV x2  
  98  8:20  SCV  
  98  8:23  Siege Tank  
  102  8:29  Engineering Bay  
  102  8:30  Marauder, SCV  
  102  8:32  SCV  
  102  8:34  SCV  
  107  8:39  Marauder  
  74  8:41  Medivac  
  109  8:42  SCV  
  109  8:45  SCV  
  109  8:46  Supply Depot  
  109  8:47  SCV  
  114  8:49  Marine  
  114  8:51  Marine  
  114  8:54  Terran Infantry Armor Level 1, SCV  
  114  8:55  Siege Tank  
  113  8:56  Liberator  
  113  8:57  SCV  
  113  8:59  SCV  
  113  9:00  Liberator  
  115  9:06  SCV  
  117  9:10  Supply Depot, SCV  
  117  9:11  SCV  
  124  9:26  Refinery  
  124  9:27  Refinery, Siege Tank  
  127  9:35  Supply Depot  
  127  9:37  Refinery  
  127  9:39  Liberator  
  127  9:48  SCV  
  127  9:49  SCV x2  
  127  9:51  Liberator  
  130  9:56  Missile Turret  
  130  9:58  Missile Turret  
  130  9:59  Siege Tank  
  136  10:00  Supply Depot, SCV  
  136  10:01  SCV  
  136  10:02  SCV  
  139  10:13  SCV x2  
  144  10:15  Orbital Command  
  144  10:21  Liberator  
  144  10:25  Supply Depot  
  144  10:26  Armory  
  144  10:28  Missile Turret, Command Center  
  144  10:30  Missile Turret  
  144  10:31  Siege Tank  
  144  10:33  Missile Turret  
  150  10:50  Supply Depot  
  150  10:54  Marauder, Armory, Orbital Command  
  150  10:55  Marauder  
  154  11:03  Siege Tank  
  157  11:04  Viking  
  157  11:07  Marine x2  
  126  11:15  Marauder  
  126  11:16  Marine  
  117  11:25  Marine x2  
  104  11:27  Viking  
  104  11:32  Terran Infantry Weapons Level 2  
  99  11:34  Viking, Marine  
  99  11:35  Siege Tank  
  99  11:36  Marine  
  106  11:40  Factory  
  106  11:41  SCV  
  106  11:42  Marine  
  106  11:43  Marine  
  109  11:51  Refinery, Marine  
  109  11:53  Refinery  
  112  11:54  Marauder  
  112  11:57  Viking  
  112  12:00  Marine x2  
  116  12:04  Viking  
  116  12:08  Siege Tank  
  121  12:09  Marine  
  124  12:15  Marauder  
  124  12:18  Marine x2  
  126  12:23  Hellion  
  126  12:27  Viking, Marine  
  126  12:29  SCV  
  131  12:34  Viking  
  131  12:35  SCV  
  131  12:36  Marine x3  
  129  12:40  Hellion, SCV  
  129  12:42  SCV  
  83  12:45  Marine  
  83  12:47  SCV  
  83  12:50  Hellion  
  84  12:54  Marine x3, SCV  
  82  12:59  SCV  
  82  13:01  Siege Tank  
  82  13:03  Marine  
  72  13:06  SCV  
  72  13:11  Hellion, SCV  
  72  13:12  Marine x2  
  54  13:18  SCV  
  49  13:20  Marine  
  49  13:23  SCV  
  41  13:30  SCV  
  41  13:32  Hellion  
  42  13:35  SCV  
  36  13:47  SCV  
Tags
 
Composition
MMM Bio
League
Gold
Matchup
TvT
Race
Terran
Strategy
Banshee Rush
Add a new tag
Caveats
  • Supply blocks, unpowered buildings, or Contaminate may cause inaccurate times.
  • Supply counts are checked every 10 seconds.